 Dungeon Crawl Stone Soup version 0.21-a0-265-gb353147 (console) character file.

41 removed the Conjurer (level 3, -5/26 HPs)
             Began as a Demigod Venom Mage on Sept 10, 2017.
             Slain by Crazy Yiuf
             ... wielding a +4 quarterstaff of chaos
              (7 damage)
             ... on level 2 of the Dungeon.
             The game lasted 00:04:24 (2170 turns).

removed the Conjurer (Demigod Venom Mage)           Turns: 2170, Time: 00:04:25

Health: -5/26      AC:  2    Str: 11    XL:     3   Next: 16%
Magic:  8/8        EV: 12    Int: 21    God:
Gold:   107        SH:  0    Dex: 16    Spells: 4/5 levels left

rFire    . . .     SeeInvis .   a - +0 dagger
rCold    . . .     Gourm    .   (no shield)
rNeg     . . .     Faith    .   e - +0 robe
rPois    .         Spirit   .   (no helmet)
rElec    .         Reflect  .   (no cloak)
rCorr    .         Harm     .   (no gloves)
MR       .....                  (no boots)
Stlth    ++........             (no amulet)
HPRegen  0.08/turn              (no ring)
MPRegen  0.11/turn              (no ring)

@: no status effects
A: high mp 1
a: no special abilities


You were on level 2 of the Dungeon.
You were not hungry.

You visited 1 branch of the dungeon, and saw 2 of its levels.

You collected 107 gold pieces.

Inventory:

Hand Weapons
 a - a +0 dagger (weapon)
 n - a +0 short sword
Armour
 e - a +0 robe (worn)
Scrolls
 k - a scroll of fear {unknown}
 m - a scroll of teleportation {unknown}
 q - 3 scrolls of identify {unknown}
 r - a scroll of fog {unknown}
 t - a scroll of magic mapping {unknown}
Potions
 f - a potion of heal wounds {unknown}
 g - a potion of resistance {unknown}
 i - a potion of invisibility {unknown}
 j - a potion of haste {unknown}
 l - a potion of might {unknown}
 o - a potion of ambrosia {unknown}
 s - a potion of curing {unknown}
 v - a potion of brilliance {unknown}
 w - a potion of lignification {unknown}
Books
 b - a Young Poisoner's Handbook

   Spells                             Type                      Level
   a - Sting                          Conjuration/Poison           1
   b - Poisonous Vapours              Poison/Air                   2
   c - Mephitic Cloud                 Conjuration/Poison/Air       3
   d - Olgreb's Toxic Radiance        Poison                       4
   e - Venom Bolt                     Conjuration/Poison           5
Comestibles
 c - a bread ration
 p - a royal jelly


   Skills:
 - Level 1.7 Dodging
 - Level 1.7 Stealth
 - Level 1.7 Spellcasting
 + Level 3.0 Conjurations
 - Level 2.6 Poison Magic


You had 4 spell levels left.
You knew the following spells:

 Your Spells              Type           Power        Failure   Level  Hunger
a - Sting                 Conj/Pois      ##..         4%          1    #......


Dungeon Overview and Level Annotations

Branches:
Dungeon (2/15)

Annotations:
D:2 Crazy Yiuf


Innate Abilities, Weirdness & Mutations

You have an increased reservoir of magic. (+10% MP)


Message History

Your vision is briefly tinged with green.
Crazy Yiuf looks more healthy.
Crazy Yiuf says, "Cholesterol disdain sing-song!"
Crazy Yiuf hits you but does no damage.
You are electrocuted!
Ouch! That really hurt!
You see here a robe.
Crazy Yiuf says, "Snurf mumblescurry tortoise!"
There is an escape hatch in the ceiling here.
Crazy Yiuf screams, "Snurf infinity mobile!"
Your magical contamination has completely faded away.
Crazy Yiuf hits you with a quarterstaff of chaos.
* * * LOW HITPOINT WARNING * * *
Crazy Yiuf freezes you.
* * * LOW HITPOINT WARNING * * *
Crazy Yiuf grits, "Seed!"
Crazy Yiuf cries, "Mountain noodlescoop King!"
Crazy Yiuf twirls on the spot.
Crazy Yiuf hits you with a quarterstaff of chaos!
You die...

#.#.#..............
#.#.#..............
##'#'#..............
##########...................
#................#.####.....#
##.######........#.# #.....#
#.# #........+.# #...... #.#
#....g...#######..... #.#
#...@..........+..... #.#
#........#######..<.. #)#
#.#########.# #..... #.#
#...........# #..... #.#
###########.# #..... #.# #.#
#..... #.# #.######### #.#
#.......... #.# ###########


You could see Crazy Yiuf.

Vanquished Creatures
  An ooze (D:2)
  2 dart slugs
  A ball python (D:2)
  3 bats
  6 hobgoblins
  A frilled lizard (D:2)
  7 goblins
  5 kobolds
  5 rats
31 creatures vanquished.

Notes
Turn   | Place    | Note
-------+----------+-------------------------------------------
     0 | D:1      | removed the Demigod Venom Mage began the quest for the Orb.
     0 | D:1      | Reached XP level 1. HP: 14/14 MP: 5/5
    19 | D:1      | Reached skill level 1 in Conjurations
   263 | D:1      | Reached skill level 2 in Conjurations
   263 | D:1      | Reached XP level 2. HP: 20/20 MP: 0/7
  1560 | D:2      | Reached XP level 3. HP: 26/26 MP: 5/8
  1941 | D:2      | Reached skill level 3 in Conjurations
  1948 | D:2      | Found a bloodstained altar of Trog.
  1977 | D:2      | Found a runed door.
  2053 | D:2      | Noticed Crazy Yiuf
  2158 | D:2      | HP: 1/26 [Crazy Yiuf/quarterstaff of chaos (2)]
  2170 | D:2      | Slain by Crazy Yiuf

Vault maps used:
D:1:      minmay_arrival_four_houses, due_unseen_surprise
D:2:      marbit_many_paths, uniq_crazy_yiuf_cottage

Skill      XL: |  1  2  3 |
---------------+----------+-----
Conjurations   | 2 3 |  3.0
Dodging        | |  1.7
Stealth        | |  1.7
Spellcasting   | |  1.7
Poison Magic   | |  2.6

Action                   || total
-------------------------++-------
Melee: Dagger            ||    11
 Cast: Sting             ||    67
  Eat: Chunk             ||     5
Armor: Robe              ||     4
Dodge: Dodged            ||    12

Table legend:
 A = Spawn XP
 B = Non-spawn XP
 C = Spawn XP percentage of total XP
 D = Spawn monster count
 E = Non-spawn monster count
 F = Spawn count percentage of total count
 G = Total turns spent on level
                    A         B        C        D         E        F      G
               +---------+---------+-------+---------+---------+-------+---------
         Total |       0 |      59 |   0.0 |       0 |      31 |   0.0 |  2170
               +---------+---------+-------+---------+---------+-------+---------
           D:1 |       0 |      28 |   0.0 |       0 |      16 |   0.0 |  1026
           D:2 |       0 |      31 |   0.0 |       0 |      15 |   0.0 |  1144
               +---------+---------+-------+---------+---------+-------+---------
